APP
DETROIT (APP) TIGERS @ BLUEFIELD BLUE JAYS
08/29/2046
 
TOP OF THE 1ST
Detroit (APP) Tigers batting - Pitching for Bluefield Blue Jays : RHP Marcus Reiling
Pitching: RHP Marcus Reiling
Batting: LHB Timotheus Young 0-0: Ball
1-0: Called Strike
1-1: Foul Ball, location: 2F
1-2: Strikes out swinging
Batting: RHB Jose Evangelista 0-0: Ball
1-0: Swinging Strike
1-1: Swinging Strike
1-2: Ball
2-2: Hit by Pitch
Batting: LHB Afanasy Zasekin 0-0: Ball
1-0: Called Strike
Jose Evangelista is caught stealing 2nd base 2-6
1-1: Foul Ball, location: 2F
1-2: Strikes out swinging
Top of the 1st over - 0 runs, 0 hits, 0 errors, 0 left on base; Detroit (APP) 0 - Bluefield 0
BOTTOM OF THE 1ST
Bluefield Blue Jays batting - Pitching for Detroit (APP) Tigers : RHP Neel Verhelst
Pitching: RHP Neel Verhelst
Batting: RHB Stephen Casteel 0-0: Ball
1-0: Called Strike
1-1: Ground out 5-3 (Groundball, 56S, EV 65.0 MPH)
Batting: RHB David Cooper 0-0: Called Strike
0-1: Swinging Strike
0-2: Strikes out swinging
Batting: RHB Bill Murray 0-0: Ball
1-0: Swinging Strike
1-1: Called Strike
1-2: Strikes out swinging
Bottom of the 1st over - 0 runs, 0 hits, 0 errors, 0 left on base; Detroit (APP) 0 - Bluefield 0
TOP OF THE 2ND
Detroit (APP) Tigers batting - Pitching for Bluefield Blue Jays : RHP Marcus Reiling
Batting: RHB German Quiroga 0-0: Ball
1-0: Ball
2-0: SOLO HOME RUN (Flyball, 7D, EV 99.4 MPH), Distance : 387 ft
Batting: RHB Kevin Steed 0-0: Ball
1-0: Called Strike
1-1: Ball
2-1: Foul Ball, location: 2F
2-2: Foul Ball, location: 2F
2-2: Ground out 6-3 (Groundball, 6, EV 81.2 MPH)
Batting: RHB Juan Acero 0-0: Ball
1-0: Ground out 1-3 (Groundball, P, EV 65.0 MPH)
Batting: RHB Nate Dabney 0-0: Ball
1-0: Called Strike
1-1: Ball
2-1: Foul Ball, location: 2F
2-2: Ball
3-2: Foul Ball, location: 2F
3-2: Ground out 5-3 (Groundball, 56S, EV 92.5 MPH)
Top of the 2nd over - 1 run, 1 hit, 0 errors, 0 left on base; Detroit (APP) 1 - Bluefield 0
BOTTOM OF THE 2ND
Bluefield Blue Jays batting - Pitching for Detroit (APP) Tigers : RHP Neel Verhelst
Batting: RHB Victor Ayala 0-0: Reached on error, E5 (Groundball, 5, EV 110.0 MPH)
Batting: RHB John Hering 0-0: Swinging Strike
0-1: Ball
1-1: Called Strike
1-2: Ball
2-2: Foul Ball, location: 2F
2-2: Strikes out swinging
Batting: LHB Eric Toney 0-0: Ball
Victor Ayala steals 3rd base
1-0: Ball
2-0: Called Strike
2-1: Swinging Strike
2-2: 2-RUN HOME RUN (Flyball, 9LD, EV 95.6 MPH), Distance : 382 ft
Batting: RHB Shunsuke Shiba Inu 0-0: Ball
1-0: Ground out 5-3 (Groundball, 5L, EV 108.1 MPH)
Batting: SHB Dominik Hasek II 0-0: Called Strike
0-1: Ball
1-1: Foul Ball, location: 2F
1-2: Ball
2-2: Fly out, F7 (Flyball, 78S, EV 92.5 MPH)
Bottom of the 2nd over - 2 runs, 1 hit, 1 error, 0 left on base; Detroit (APP) 1 - Bluefield 2
TOP OF THE 3RD
Detroit (APP) Tigers batting - Pitching for Bluefield Blue Jays : RHP Marcus Reiling
Batting: LHB Isao Fukui 0-0: Called Strike
0-1: Ball
1-1: Swinging Strike
1-2: Foul Ball, location: 2F
1-2: TRIPLE (Line Drive, 89XD, EV 112.5 MPH)
Batting: RHB Carlos Avila 0-0: SINGLE (Groundball, 56S, EV 72.5 MPH) (infield hit)
Isao Fukui scores
Batting: LHB Timotheus Young 0-0: Foul Ball, location: 2F
0-1: Swinging Strike
0-2: Ball
1-2: Strikes out swinging
Batting: RHB Jose Evangelista 0-0: Fly out, F5 (Popup, 5SF, EV 71.2 MPH)
Batting: LHB Afanasy Zasekin 0-0: Ball
1-0: Fly out, F7 (Flyball, 7D, EV 96.2 MPH)
Top of the 3rd over - 1 run, 2 hits, 0 errors, 1 left on base; Detroit (APP) 2 - Bluefield 2
BOTTOM OF THE 3RD
Bluefield Blue Jays batting - Pitching for Detroit (APP) Tigers : RHP Neel Verhelst
Batting: RHB Mike Johnson 0-0: Ball
1-0: SINGLE (Groundball, 34D, EV 100.6 MPH)
Batting: RHB Stephen Casteel 0-0: Ball
1-0: Called Strike
Mike Johnson steals 2nd base
1-1: DOUBLE (Line Drive, 8LXD, EV 103.1 MPH)
Mike Johnson scores
Batting: RHB David Cooper 0-0: SINGLE (Groundball, 56D, EV 108.1 MPH)
Stephen Casteel to third
Batting: RHB Bill Murray 0-0: Swinging Strike
0-1: Called Strike
0-2: Strikes out swinging
Batting: RHB Victor Ayala 0-0: Called Strike
0-1: Foul Ball, location: 2F
0-2: 3-RUN HOME RUN (Flyball, 7D, EV 100.0 MPH), Distance : 385 ft
Batting: RHB John Hering 0-0: Foul Ball, location: 2F
0-1: Ball
1-1: Ball
2-1: Foul Ball, location: 2F
2-2: Foul Ball, location: 2F
2-2: Ball
3-2: Foul Ball, location: 2F
3-2: DOUBLE (Groundball, 5L, EV 108.1 MPH)
Pitching: RHP Ramiro Silva
Batting: LHB Eric Toney 0-0: Called Strike
John Hering steals 3rd base
0-1: Reached on error, E3 (Groundball, 3, EV 83.8 MPH)
John Hering scores
Batting: RHB Shunsuke Shiba Inu 0-0: Ball
1-0: Foul Ball, location: 2F
1-1: Fly out, F7 (Flyball, 78M, EV 96.2 MPH)
Batting: SHB Dominik Hasek II 0-0: Called Strike
Eric Toney steals 2nd base
0-1: Ground out 1-3 (Groundball, P, EV 73.1 MPH)
Bottom of the 3rd over - 5 runs, 5 hits, 1 error, 1 left on base; Detroit (APP) 2 - Bluefield 7
TOP OF THE 4TH
Detroit (APP) Tigers batting - Pitching for Bluefield Blue Jays : RHP Marcus Reiling
Batting: RHB German Quiroga 0-0: Ground out 1-3 (Groundball, 13, EV 66.9 MPH)
Batting: RHB Kevin Steed 0-0: Ball
1-0: Ball
2-0: Foul Ball, location: 2F
2-1: Ball
3-1: Base on Balls
Batting: RHB Juan Acero Pickoff Throw to First - Out! 1-3
0-0: Foul Ball, location: 2F
0-1: Foul Ball, location: 2F
0-2: Ball
1-2: Foul Ball, location: 2F
1-2: Strikes out swinging
Top of the 4th over - 0 runs, 0 hits, 0 errors, 0 left on base; Detroit (APP) 2 - Bluefield 7
BOTTOM OF THE 4TH
Bluefield Blue Jays batting - Pitching for Detroit (APP) Tigers : RHP Ramiro Silva
Batting: RHB Mike Johnson 0-0: Foul Ball, location: 2F
0-1: Foul Ball, location: 2F
0-2: Ball
1-2: Fly out, F8 (Line Drive, 8LD, EV 90.0 MPH)
Batting: RHB Stephen Casteel 0-0: Called Strike
0-1: Ball
1-1: Ball
2-1: Ground out 5-3 (Groundball, 56, EV 106.2 MPH)
Batting: RHB David Cooper 0-0: Foul Ball, location: 2F
0-1: Foul Ball, location: 2F
0-2: Ball
1-2: Ball
2-2: Ball
3-2: Foul Ball, location: 2F
3-2: Foul Ball, location: 2F
3-2: Ground out 4-3 (Groundball, 4, EV 98.1 MPH)
Bottom of the 4th over - 0 runs, 0 hits, 0 errors, 0 left on base; Detroit (APP) 2 - Bluefield 7
TOP OF THE 5TH
Detroit (APP) Tigers batting - Pitching for Bluefield Blue Jays : RHP Marcus Reiling
Batting: RHB Nate Dabney 0-0: Ball
1-0: Ball
2-0: Ball
3-0: Base on Balls
Batting: LHB Isao Fukui 0-0: Ball
1-0: Ball
2-0: Fly out, F7 (Flyball, 7S, EV 88.1 MPH)
Batting: RHB Carlos Avila 0-0: Grounds into double play, 5-4-3 (Groundball, 56S, EV 80.6 MPH)
Top of the 5th over - 0 runs, 0 hits, 0 errors, 0 left on base; Detroit (APP) 2 - Bluefield 7
BOTTOM OF THE 5TH
Bluefield Blue Jays batting - Pitching for Detroit (APP) Tigers : RHP Ramiro Silva
Batting: RHB Bill Murray 0-0: Called Strike
0-1: Ball
1-1: DOUBLE (Line Drive, 7LS, EV 112.5 MPH)
Batting: RHB Victor Ayala 0-0: Called Strike
Bill Murray steals 3rd, throwing error, E2
Bill Murray scores
0-1: Called Strike
0-2: Fly out, F8 (Line Drive, 8RM, EV 89.4 MPH)
Batting: RHB John Hering 0-0: Ball
1-0: Ball
2-0: Called Strike
2-1: Ball
3-1: Base on Balls
Batting: LHB Eric Toney 0-0: Called Strike
John Hering steals 2nd base (no throw)
0-1: Called Strike
0-2: Ground out 6-3 (Groundball, 4M, EV 100.6 MPH)
John Hering to third
Batting: RHB Shunsuke Shiba Inu 0-0: Fly out, F8 (Flyball, 8RD, EV 92.5 MPH)
Bottom of the 5th over - 1 run, 1 hit, 1 error, 1 left on base; Detroit (APP) 2 - Bluefield 8
TOP OF THE 6TH
Detroit (APP) Tigers batting - Pitching for Bluefield Blue Jays : RHP Marcus Reiling
Batting: LHB Timotheus Young 0-0: Ball
1-0: Ball
2-0: Foul Ball, location: 2F
2-1: Called Strike
2-2: Ball
3-2: Base on Balls
Batting: RHB Jose Evangelista 0-0: Called Strike
0-1: Ball
1-1: Swinging Strike
1-2: Ball
2-2: Foul Ball, location: 2F
2-2: Foul Ball, location: 2F
2-2: Strikes out swinging
Batting: LHB Afanasy Zasekin 0-0: Ball
1-0: Ball
Wild Pitch!
Timotheus Young to second
2-0: Ground out 4-3 (Groundball, 4, EV 90.6 MPH)
Timotheus Young to third
Batting: RHB German Quiroga 0-0: Ground out 4-3 (Groundball, 4, EV 86.9 MPH)
Top of the 6th over - 0 runs, 0 hits, 0 errors, 1 left on base; Detroit (APP) 2 - Bluefield 8
BOTTOM OF THE 6TH
Bluefield Blue Jays batting - Pitching for Detroit (APP) Tigers : RHP Ramiro Silva
Batting: SHB Dominik Hasek II 0-0: Swinging Strike
0-1: Called Strike
0-2: Ball
1-2: Strikes out looking
Batting: RHB Mike Johnson 0-0: Called Strike
0-1: Ball
1-1: Ball
2-1: Ground out 6-3 (Groundball, 6D, EV 105.0 MPH)
Batting: RHB Stephen Casteel 0-0: SINGLE (Groundball, 3D, EV 96.9 MPH)
Batting: RHB David Cooper 0-0: Called Strike
Stephen Casteel steals 2nd, throwing error, E2
Stephen Casteel to third
0-1: DOUBLE (Flyball, 78XD, EV 106.2 MPH)
Stephen Casteel scores
Batting: RHB Bill Murray 0-0: Ball
1-0: Ball
2-0: Swinging Strike
2-1: Foul Ball, location: 2F
2-2: Ball
3-2: Strikes out swinging
Bottom of the 6th over - 1 run, 2 hits, 1 error, 1 left on base; Detroit (APP) 2 - Bluefield 9
TOP OF THE 7TH
Detroit (APP) Tigers batting - Pitching for Bluefield Blue Jays : RHP Marcus Reiling
Batting: RHB Kevin Steed 0-0: Called Strike
0-1: Called Strike
0-2: Foul Ball, location: 2F
0-2: Ball
1-2: Foul Ball, location: 2F
1-2: Ball
2-2: Ball
3-2: Ground out 6-3 (Groundball, 6, EV 88.8 MPH)
Batting: RHB Juan Acero 0-0: Foul Ball, location: 2F
0-1: Ball
1-1: Foul Ball, location: 2F
1-2: Ball
2-2: Ground out 2-3 (Groundball, 13S, EV 63.1 MPH)
Pinch Hitting: RHB Yasutaka Yamasaki 0-0: Swinging Strike
0-1: Swinging Strike
0-2: Foul Ball, location: 2F
0-2: Strikes out swinging
Top of the 7th over - 0 runs, 0 hits, 0 errors, 0 left on base; Detroit (APP) 2 - Bluefield 9
BOTTOM OF THE 7TH
Bluefield Blue Jays batting - Pitching for Detroit (APP) Tigers : RHP Ramiro Silva
Pitching: RHP Malcolm Holz
Now in LF: Yasutaka Yamasaki
Batting: RHB Victor Ayala 0-0: Called Strike
0-1: Ball
1-1: Ball
2-1: DOUBLE (Line Drive, 5D, EV 101.9 MPH)
Batting: RHB John Hering 0-0: Ball
1-0: Ball
2-0: SINGLE (Line Drive, 8LS, EV 93.8 MPH)
Victor Ayala to third
Batting: LHB Eric Toney 0-0: Ball
1-0: Ball
John Hering steals 2nd base (no throw)
2-0: Ball
3-0: Base on Balls
Batting: RHB Shunsuke Shiba Inu 0-0: Ball
1-0: Fielders Choice at 2nd, 6-4 (Groundball, 56, EV 86.2 MPH)
Victor Ayala scores
John Hering to third
Batting: SHB Dominik Hasek II 0-0: Ball
Shunsuke Shiba Inu steals 2nd base
1-0: Fly out, F7 (Flyball, 7, EV 88.1 MPH)
Runner from 3rd tags up, SCORES, throw by LF
Shunsuke Shiba Inu to third
Batting: RHB Mike Johnson 0-0: SINGLE (Groundball, 56D, EV 103.8 MPH)
Shunsuke Shiba Inu scores
Batting: RHB Stephen Casteel 0-0: Reached on error, E3 (Groundball, 3, EV 83.1 MPH)
Mike Johnson to second
Batting: RHB David Cooper 0-0: Called Strike
0-1: Swinging Strike
0-2: Ball
1-2: Fielders Choice at 2nd, 6-4 (Groundball, 6, EV 85.6 MPH)
Bottom of the 7th over - 3 runs, 3 hits, 1 error, 2 left on base; Detroit (APP) 2 - Bluefield 12
TOP OF THE 8TH
Detroit (APP) Tigers batting - Pitching for Bluefield Blue Jays : RHP Marcus Reiling
Batting: LHB Isao Fukui 0-0: Ball
1-0: Called Strike
1-1: Ball
2-1: Called Strike
2-2: Foul Ball, location: 2F
2-2: Ground out U3 (Groundball, 3L, EV 88.1 MPH)
Batting: RHB Carlos Avila 0-0: Ball
1-0: Ball
2-0: Foul Ball, location: 2F
2-1: Ground out 6-3 (Groundball, 6, EV 89.4 MPH)
Batting: LHB Timotheus Young 0-0: Ball
1-0: Ground out 5-3 (Groundball, 56, EV 81.9 MPH)
Top of the 8th over - 0 runs, 0 hits, 0 errors, 0 left on base; Detroit (APP) 2 - Bluefield 12
BOTTOM OF THE 8TH
Bluefield Blue Jays batting - Pitching for Detroit (APP) Tigers : RHP Malcolm Holz
Batting: RHB Bill Murray 0-0: Ball
1-0: Called Strike
1-1: Called Strike
1-2: Foul Ball, location: 2F
1-2: Strikes out swinging
Batting: RHB Victor Ayala 0-0: Called Strike
0-1: Ball
1-1: Ball
2-1: Fly out, F8 (Flyball, 8LXD, EV 101.9 MPH)
Batting: RHB John Hering 0-0: Called Strike
0-1: Ball
1-1: Foul Ball, location: 2F
1-2: Foul Ball, location: 2F
1-2: Fly out, F3 (Line Drive, 3, EV 67.5 MPH)
Bottom of the 8th over - 0 runs, 0 hits, 0 errors, 0 left on base; Detroit (APP) 2 - Bluefield 12
TOP OF THE 9TH
Detroit (APP) Tigers batting - Pitching for Bluefield Blue Jays : RHP Marcus Reiling
Batting: RHB Jose Evangelista 0-0: Ball
1-0: Ball
2-0: Called Strike
2-1: Swinging Strike
2-2: Ball
3-2: Strikes out swinging
Batting: LHB Afanasy Zasekin 0-0: Called Strike
0-1: Called Strike
0-2: Ball
1-2: Ball
2-2: Ball
3-2: Foul Ball, location: 2F
3-2: Base on Balls
Batting: RHB German Quiroga 0-0: Ball
Wild Pitch!
Afanasy Zasekin to second
1-0: Ball
2-0: Ground out 1-3 (Groundball, 13S, EV 71.9 MPH)
Afanasy Zasekin to third
Batting: RHB Kevin Steed 0-0: Ball
1-0: Ball
2-0: Ball
3-0: Called Strike
3-1: Base on Balls
Pitching: RHP Gu Won
Batting: RHB Juan Acero 0-0: Called Strike
0-1: Fielders Choice at 2nd, 5-4 (Groundball, 56, EV 84.4 MPH)
Top of the 9th over - 0 runs, 0 hits, 0 errors, 2 left on base; Detroit (APP) 2 - Bluefield 12
Tuesday, September 13th , 2022 - OOTP Baseball 23.7 Build 88